AoeStats
← 夜清尘

MegaRandom

509307884Analyzed
4v4 RM · 7d ago on Sep 26, 2026· 18m 57s· 8 players
Game mode
Random Map
Map size
Large (8 player)
Population
200
Speed
Normal
Resources
Standard
Victory
Conquest
Starting age
Dark Age
Ending age
Imperial Age
RankedLock teamsTeams togetherTeam positionsShared explorationLock speedFull tech treeHidden civsTurbo modeCheats
Victory
Defeat
🇨🇳 Tupi · China
1213
+12
🇨🇳 Franks · China
1056
+18
🇨🇳 Danes · China
1048
+19
🇨🇳 Lithuanians · China
934
+27
🇨🇳 Mongols · China
1354
-27
🇨🇳 Vietnamese · China
1056
-16
🇭🇰 Varangians · Hong Kong SAR China
954
-12
温柔的硬骨头
8:48 Loom
11:58 Feudal Age
15:44 Castle Age
15:16 Forging
15:25 Double-Bit Axe
15:20 Horse Collar
16:32 Fishing Lines
17:34 Iron Casting
17:17 Medium Warships
17:47 Gillnets
俺是耕田的
9:51 Feudal Age
12:11 Fishing Lines
19:26 Castle Age
17:46 Stone Mining
17:52 Gold Mining
17:50 Double-Bit Axe
18:26 Horse Collar
贝贝
0:56 Loom
10:37 Feudal Age
11:07 Double-Bit Axe
20:10 Castle Age
秦大大
0:30 Loom
14:03 Feudal Age
夜清尘
11:38 Feudal Age
15:33 Castle Age
13:22 Double-Bit Axe
13:19 Horse Collar
15:16 Wheelbarrow
17:07 Loom
18:20 Bow Saw
叫声乌鸦哥
0:32 Loom
10:53 Feudal Age
14:34 Castle Age
12:31 Double-Bit Axe
12:52 Fishing Lines
15:31 Bow Saw
16:47 Horse Collar
17:50 Heavy Plow
我说狂阿七比肥龙强,B站关注狂阿七谢谢喵
0:31 Loom
10:55 Feudal Age
12:26 Double-Bit Axe
15:24 Castle Age
13:23 Gold Mining
13:24 Fletching
13:21 Fishing Lines
13:53 Horse Collar
15:22 Wheelbarrow
16:47 Bow Saw
16:35 Bodkin Arrow
LLK是给
0:27 Loom
9:20 Feudal Age
10:03 Double-Bit Axe
10:17 Town Watch
12:58 Fishing Lines
18:19 Castle Age
18:07 Gold Mining
19:53 Wheelbarrow
Connection lost

Rejoining the realm…

Still unreachable

The connection could not be restored.

Session expired

The server has moved on; the page needs a fresh start.